[Event "Titled Tuesday Blitz November 07 Early 2023"]
[White "Manukyan, Sargis V."]
[Black "Thomforde-Toates, Noah"]
[WhiteFideId "13303465"]
[BlackFideId "30951992"]
[WhiteElo "2461"]
[BlackElo "2640"]
[Result "0-1"]
[Round "4"]
[TimeControl "180+1"]
[Date "2023.11.07"]
[WhiteClock "0:00:06"]
[BlackClock "0:00:20"]
[Board "118"]

1. d4 Nf6 2. Nc3 d6 3. e4 g6 4. f4 Bg7 5. Nf3 c5 6. dxc5 Qa5 7. Bd3 Qxc5 8. Qe2 Nc6 9. Be3 Qa5 10. h3 O-O 11. O-O Nh5 12. Qf2 b6 13. Nd5 Be6 14. Bd2 Qc5 15. Be3 Qa5 16. Nc3 Bxc3 17. bxc3 Nf6 18. Ng5 Qxc3 19. f5 Bd7 20. Qh4 h5 21. Nf3 Ne5 22. Nxe5 Qxe5 23. Rae1 Bb5 24. Bh6 Bxd3 25. cxd3 Rfc8 26. Qf2 Kh7 27. Bf4 Qc5 28. d4 Qc2 29. Re2 Qd3 30. fxg6+ fxg6 31. Re3 Qxd4 32. e5 Nd5 33. exd6 Nxe3 34. Bxe3 Qf6 35. Qe2 Qxd6 36. Bf4 Qd4+ 37. Kh2 Qd7 38. Be5 Rf8 39. Rd1 Qe6 40. Qe4 Rf5 41. Qxa8 Qxe5+ 42. Kh1 Qf6 43. Qd8 Rf1+ 44. Rxf1 Qxf1+ 45. Kh2 Qf4+ 46. Kh1 Qd6 47. Qf8 Qe6 48. Qf3 Qxa2 49. Qe4 Qa1+ 50. Kh2 Qf6 51. Qb7 Qd6+ 52. Kh1 a5 53. Qf3 Qe6 54. Qb3 Qxb3 55. Kh2 Qb2 56. h4 a4 57. Kh3 a3 58. Kh2 a2 59. Kg3 a1=Q 60. Kh2 Qaa2 61. Kg1 Qf2+ 62. Kh1 Qxg2# 0-1


[Site "https://www.chess.com"]

[Event "Titled Tuesday Blitz November 07 Early 2023"]
[White "Ismagilov, Damir"]
[Black "McBryde, Lamel"]
[WhiteFideId "34199982"]
[BlackFideId "2058596"]
[WhiteElo "2638"]
[BlackElo "2454"]
[Result "0-1"]
[Round "4"]
[TimeControl "180+1"]
[Date "2023.11.07"]
[WhiteClock "0:00:24"]
[BlackClock "0:01:31"]
[Board "119"]

1. d4 Nf6 2. Bf4 d5 3. e3 Ne4 4. Nd2 Nd6 5. Ngf3 c6 6. c4 f6 7. Bd3 g6 8. O-O Bg7 9. e4 dxe4 10. Nxe4 Nf7 11. h3 O-O 12. Re1 Nd7 13. Bh2 b6 14. Qe2 Bb7 15. Rad1 Re8 16. Bg3 e5 17. d5 f5 18. Neg5 Nxg5 19. Nxg5 Qxg5 20. dxc6 Bxc6 21. Qc2 f4 22. Be4 Bxe4 23. Qxe4 Nf6 24. h4 Qg4 25. Qb7 fxg3 26. Re4 Qxd1+ 0-1


[Site "https://www.chess.com"]

[Event "Titled Tuesday Blitz November 07 Early 2023"]
[White "FoxOnTheRun97"]
[Black "Kostiukov, Alexandr"]
[BlackFideId "14108100"]
[WhiteElo "2627"]
[BlackElo "2439"]
[Result "0-1"]
[Round "4"]
[TimeControl "180+1"]
[Date "2023.11.07"]
[WhiteClock "0:00:05"]
[BlackClock "0:00:12"]
[Board "120"]

1. d4 g6 2. c4 Bg7 3. Nf3 d6 4. g3 e5 5. dxe5 dxe5 6. Qxd8+ Kxd8 7. Bg2 f6 8. O-O Be6 9. Rd1+ Nd7 10. b3 Nh6 11. Nc3 c6 12. Ba3 Bf8 13. Bxf8 Rxf8 14. Rd6 Ke7 15. Rad1 Nf7 16. R6d2 Nc5 17. Ne1 Rfd8 18. Nd3 Nxd3 19. exd3 Bg4 20. Re1 Kf8 21. Ne4 Kg7 22. Nc5 Rab8 23. f4 exf4 24. gxf4 Kf8 25. d4 b6 26. Ne6+ Bxe6 27. Rxe6 c5 28. d5 Rd6 29. Rde2 Rxe6 30. Rxe6 f5 31. Rc6 Rb7 32. Rc8+ Kg7 33. Re8 Rd7 34. Kf2 Nd6 35. Ra8 Kf6 36. Bf3 h6 37. a3 g5 38. fxg5+ hxg5 39. Rf8+ Rf7 40. Rd8 Ke5 41. Be2 Kf4 42. b4 Ne4+ 43. Kf1 Rh7 44. bxc5 bxc5 45. d6 Rxh2 46. d7 Rh7 47. Bd3 Nf6 48. Rf8 Rxd7 49. Bxf5 Kxf5 50. Ra8 Ke4 51. Kg2 Kd4 52. Rf8 Ne4 53. Kf3 Nd2+ 54. Kg4 Nxc4 55. Kxg5 Ne5 56. Rb8 c4 57. Kf4 Nd3+ 58. Kf3 Rf7+ 59. Ke2 Kc3 60. a4 Re7+ 61. Kf3 Kd2 62. a5 c3 63. a6 c2 64. Rb7 Re3+ 65. Kg4 c1=Q 66. Rxa7 Qg1+ 67. Kf5 Qf2+ 68. Kg6 Rg3+ 69. Kh7 Qxa7+ 70. Kh8 Qg7# 0-1


[Site "https://www.chess.com"]

[Event "Titled Tuesday Blitz November 07 Early 2023"]
[White "Belov, Alexei"]
[Black "Shuvalov, Evgenij"]
[WhiteFideId "4128206"]
[BlackFideId "4187237"]
[WhiteElo "2624"]
[BlackElo "2437"]
[Result "0-1"]
[Round "4"]
[TimeControl "180+1"]
[Date "2023.11.07"]
[WhiteClock "0:00:15"]
[BlackClock "0:00:30"]
[Board "121"]

1. e4 e6 2. d4 d5 3. Nd2 c5 4. Ngf3 Nc6 5. exd5 exd5 6. Bb5 Qe7+ 7. Qe2 Qxe2+ 8. Bxe2 Bf5 9. c3 cxd4 10. Nxd4 Nxd4 11. cxd4 Bd6 12. O-O Ne7 13. Nb3 Rc8 14. Bb5+ Kd8 15. Bd2 f6 16. Rac1 g5 17. Na5 Rc7 18. h3 h5 19. Nb3 Kc8 20. Rfe1 Kb8 21. Rxc7 Kxc7 22. Nc5 Bxc5 23. dxc5 Nc6 24. Bf1 Kd7 25. b4 Re8 26. Rd1 Bc2 27. Rc1 Bg6 28. b5 Ne5 29. Bc3 Re6 30. Bd4 Nd3 31. Rd1 Nf4 32. Be3 Re5 33. Bxf4 gxf4 34. Rd4 f3 35. gxf3 Ke6 36. f4 Re1 37. Kg2 Be4+ 38. f3 Bxf3+ 39. Kxf3 Rxf1+ 40. Kg3 Rc1 41. Ra4 Rxc5 42. Rxa7 Rxb5 43. Ra8 Kf5 44. Rd8 Ke4 45. Kh4 d4 46. a4 Rd5 47. Rb8 d3 48. Rxb7 d2 49. Rb1 Kxf4 50. Rd1 Ke3 51. a5 Rxa5 0-1


[Site "https://www.chess.com"]

[Event "Titled Tuesday Blitz November 07 Early 2023"]
[White "FuenfgegenWilly"]
[Black "Ambartsumova, Karina"]
[BlackFideId "4166299"]
[WhiteElo "2407"]
[BlackElo "2609"]
[Result "0-1"]
[Round "4"]
[TimeControl "180+1"]
[Date "2023.11.07"]
[WhiteClock "0:00:09"]
[BlackClock "0:00:09"]
[Board "122"]

1. d4 Nf6 2. Nf3 e6 3. Bf4 b6 4. e3 Bb7 5. Bd3 Nh5 6. Bg5 Be7 7. Bxe7 Qxe7 8. O-O d6 9. c4 Nd7 10. Nc3 Nhf6 11. e4 e5 12. Nd5 Qd8 13. Qd2 O-O 14. Rad1 c6 15. Ne3 g6 16. Rfe1 Qe7 17. d5 c5 18. a3 Ne8 19. b4 Ng7 20. Ng4 Rae8 21. Qh6 f6 22. b5 Nh5 23. a4 Nf4 24. Bb1 Bc8 25. g3 Nh5 26. Ne3 Ng7 27. a5 f5 28. exf5 gxf5 29. Ng5 Nf6 30. Ng4 Ngh5 31. Nxf6+ Nxf6 32. f4 e4 33. Qh3 Qg7 34. Ne6 Bxe6 35. dxe6 Ng4 36. Rxd6 Qc3 37. Red1 Qe3+ 38. Kg2 Qf3+ 39. Kg1 Nf2 40. Qh4 Nxd1 41. Rd7 Qf2+ 0-1


[Site "https://www.chess.com"]

[Event "Titled Tuesday Blitz November 07 Early 2023"]
[White "Ozates, Tuna"]
[Black "Ovezdurdyyeva, Jemal"]
[WhiteFideId "6354521"]
[BlackFideId "14001888"]
[WhiteElo "2606"]
[BlackElo "2369"]
[Result "1-0"]
[Round "4"]
[TimeControl "180+1"]
[Date "2023.11.07"]
[WhiteClock "0:00:17"]
[BlackClock "0:00:14"]
[Board "123"]

1. e4 d6 2. d4 Nf6 3. Nc3 g6 4. Nf3 c6 5. a4 Bg7 6. Be2 O-O 7. O-O Nbd7 8. h3 e5 9. d5 Nc5 10. Nd2 a5 11. dxc6 bxc6 12. f3 Nh5 13. Nc4 Ng3 14. Re1 Nxe2+ 15. Nxe2 d5 16. exd5 cxd5 17. Ne3 Be6 18. c3 Rb8 19. b4 Nd7 20. b5 Re8 21. Ba3 Qc7 22. Nxd5 Bxd5 23. Qxd5 Rbd8 24. Red1 Nb6 25. Qb3 Nc4 26. Ng3 Ne3 27. Rxd8 Rxd8 28. Ne4 Nc4 29. Bc5 Nd2 30. Qa3 Nxe4 31. fxe4 Rd2 32. b6 Qb7 33. Re1 Bh6 34. Qb3 Kg7 35. Qb5 f5 36. Qxa5 fxe4 37. Qa7 Qxa7 38. bxa7 Rd8 39. Rxe4 Kf6 40. Rb4 1-0


[Site "https://www.chess.com"]

[Event "Titled Tuesday Blitz November 07 Early 2023"]
[White "Golubev, Mikhail"]
[Black "Dishman, Stephen"]
[WhiteFideId "14100983"]
[BlackFideId "403024"]
[WhiteElo "2603"]
[BlackElo "2360"]
[Result "1-0"]
[Round "4"]
[TimeControl "180+1"]
[Date "2023.11.07"]
[WhiteClock "0:01:36"]
[BlackClock "0:01:12"]
[Board "124"]

1. e4 c5 2. Nf3 g6 3. d4 cxd4 4. Nxd4 Nc6 5. Nc3 Bg7 6. Be3 Nf6 7. Nxc6 bxc6 8. e5 Ng8 9. Bd4 Qa5 10. f4 Nh6 11. e6 O-O 12. Bxg7 Kxg7 13. Qd4+ Kg8 14. exd7 Bxd7 15. Qxd7 Rad8 16. Qxc6 Rc8 17. Qf3 Nf5 18. O-O-O Rc5 19. Rd5 Rfc8 20. Bc4 Qb4 21. Rxc5 Rxc5 22. Bb3 Nd4 23. Qd3 a5 24. Kb1 Nxb3 25. axb3 Qxf4 26. Rf1 Qe5 27. Qf3 f6 28. Qe4 Qd6 29. Rd1 Qc7 30. Qe6+ Kg7 31. Rd7 1-0


[Site "https://www.chess.com"]

[Event "Titled Tuesday Blitz November 07 Early 2023"]
[White "Tasev, Dejan"]
[Black "Vifleemskaia, Svetlana"]
[WhiteFideId "936618"]
[BlackFideId "4129490"]
[WhiteElo "2602"]
[BlackElo "2290"]
[Result "1-0"]
[Round "4"]
[TimeControl "180+1"]
[Date "2023.11.07"]
[WhiteClock "0:01:29"]
[BlackClock "0:00:04"]
[Board "125"]

1. e4 e5 2. Nf3 Nc6 3. Bc4 Nf6 4. d3 Be7 5. Nc3 O-O 6. O-O d6 7. Bb3 Na5 8. h3 Nxb3 9. axb3 a6 10. Be3 c5 11. Nd2 Be6 12. f4 exf4 13. Rxf4 Nd7 14. Rf2 Bg5 15. Qe2 Bxe3 16. Qxe3 h6 17. Raf1 Qg5 18. Qxg5 hxg5 19. Nf3 f6 20. Nd1 g4 21. hxg4 Bxg4 22. Ne3 Be6 23. Nh4 Ne5 24. Nhf5 Rad8 25. Ne7+ Kf7 26. N7d5 Rh8 27. Rxf6+ gxf6 28. Rxf6+ Kg7 29. Rxe6 Nf7 30. Nf5+ Kf8 31. Re7 b5 32. Rb7 Rh5 33. Nf4 Rh8 34. Ne6+ Ke8 35. Re7# 1-0


[Site "https://www.chess.com"]

[Event "Titled Tuesday Blitz November 07 Early 2023"]
[White "Kula, Robert"]
[Black "Demin, Vladimir"]
[WhiteFideId "1101218"]
[BlackFideId "4167457"]
[WhiteElo "2264"]
[BlackElo "2547"]
[Result "0-1"]
[Round "4"]
[TimeControl "180+1"]
[Date "2023.11.07"]
[WhiteClock "0:00:05"]
[BlackClock "0:00:59"]
[Board "126"]

1. d4 Nf6 2. c4 e6 3. Nf3 d5 4. e3 c5 5. Nc3 Nc6 6. b3 cxd4 7. exd4 Bb4 8. Bd2 O-O 9. c5 e5 10. dxe5 Re8 11. Be2 Nxe5 12. O-O Bxc5 13. Bg5 h6 14. Bxf6 Qxf6 15. Nxd5 Qd6 16. Nxe5 Rxe5 17. Bf3 Bg4 18. Nc3 Qxd1 19. Bxd1 Bf5 20. Bf3 Bd4 21. Rac1 Rae8 22. Bxb7 Bd3 23. Rfd1 Bxc3 24. g3 Re1+ 25. Kg2 Rxd1 26. Rxd1 Be4+ 27. Bxe4 Rxe4 28. Rd7 a5 29. Rc7 Bb4 30. Ra7 Re2 31. a3 Rxf2+ 32. Kxf2 Bc5+ 33. Ke2 Bxa7 34. Kd3 Bc5 35. a4 Bb4 36. Kc4 f5 37. Kd5 Kf7 38. Ke5 g6 39. h4 Bc3+ 40. Kf4 Kf6 41. h5 g5+ 42. Ke3 Ke5 43. Kd3 Bb4 44. Kc4 f4 45. g4 f3 46. Kd3 Kf4 47. Kd4 Kxg4 48. Ke3 Kg3 49. Ke4 f2 0-1


[Site "https://www.chess.com"]

[Event "Titled Tuesday Blitz November 07 Early 2023"]
[White "le-castor-faineant"]
[Black "Iskusnyh, Sergei"]
[BlackFideId "4120027"]
[WhiteElo "2248"]
[BlackElo "2542"]
[Result "0-1"]
[Round "4"]
[TimeControl "180+1"]
[Date "2023.11.07"]
[WhiteClock "0:00:15"]
[BlackClock "0:00:18"]
[Board "127"]

1. e4 e6 2. d4 d5 3. Nc3 Nf6 4. e5 Nfd7 5. Nf3 c5 6. Bg5 Qb6 7. dxc5 Nxc5 8. a3 Bd7 9. Be3 Qxb2 10. Bd4 Qb6 11. Rb1 Qa5 12. Bb5 a6 13. Bxd7+ Nbxd7 14. O-O Be7 15. h4 O-O 16. h5 Rac8 17. h6 g6 18. Nd2 b5 19. Qf3 Bg5 20. Nb3 Nxb3 21. Rxb3 Bxh6 22. g3 Rc4 23. Ne2 Rxc2 24. Kg2 Bg7 25. g4 Nxe5 26. Bxe5 Bxe5 27. Rh1 Bg7 28. g5 Rfc8 29. Qh3 Rxe2 30. Qxh7+ Kf8 31. Rf3 Qa4 32. Kf1 Rd2 33. Qxg6 Qd1+ 34. Kg2 Qxf3+ 35. Kxf3 fxg6 0-1


[Site "https://www.chess.com"]

[Event "Titled Tuesday Blitz November 07 Early 2023"]
[White "Shukhman, Anna"]
[Black "ssgm49"]
[WhiteFideId "54180058"]
[WhiteElo "2536"]
[BlackElo "2107"]
[Result "1-0"]
[Round "4"]
[TimeControl "180+1"]
[Date "2023.11.07"]
[WhiteClock "0:00:50"]
[BlackClock "0:00:00"]
[Board "128"]

1. e4 c6 2. d4 d5 3. e5 Bf5 4. Nf3 e6 5. Be2 Nd7 6. c3 Ne7 7. a4 h6 8. a5 Ng6 9. b4 f6 10. exf6 Nxf6 11. Bd3 Bd6 12. Bxf5 exf5 13. Qe2+ Ne4 14. Ne5 Nxe5 15. dxe5 Bxe5 16. Qh5+ Kf8 17. Qxf5+ Qf6 18. Qxf6+ Bxf6 19. Bd2 Re8 20. O-O Nxd2 21. Nxd2 Bxc3 22. Rad1 Bxb4 23. Nb3 Kf7 24. a6 b6 25. Nd4 Rc8 26. Rc1 Bc5 27. Nf5 Rhe8 28. Rfd1 Re5 29. g4 Re4 30. Rxc5 Rxg4+ 31. Kf1 bxc5 32. Nd6+ Ke6 33. Nxc8 Ra4 34. Re1+ Kd7 35. Ne7 Rxa6 36. Nf5 c4 37. Re7+ Kd8 38. Rxg7 c3 39. Ke2 c2 40. Kd2 Ra2 41. Nd4 c5 42. Ne6+ Kc8 43. Rc7+ Kb8 44. Rxc5 a5 45. Rxd5 a4 46. f4 a3 47. Ra5 1-0


[Site "https://www.chess.com"]

[Event "Titled Tuesday Blitz November 07 Early 2023"]
[White "Novikova, Galina"]
[Black "Dragun, Kamil"]
[WhiteFideId "4157095"]
[BlackFideId "1134167"]
[WhiteElo "2435"]
[BlackElo "2794"]
[Result "0-1"]
[Round "4"]
[TimeControl "180+1"]
[Date "2023.11.07"]
[WhiteClock "0:01:55"]
[BlackClock "0:02:27"]
[Board "129"]

1. e4 e5 2. Nf3 Nc6 3. d4 exd4 4. Nxd4 Nf6 5. Nxc6 bxc6 6. Qe2 Bc5 7. Nc3 O-O 8. Bg5 h6 9. Bh4 Bd4 10. Qd3 Bxc3+ 11. Qxc3 Nxe4 12. Bxd8 Nxc3 13. Bxc7 Re8+ 14. Kd2 Ne4+ 15. Kc1 Nxf2 16. Rg1 Re1+ 17. Kd2 Rxa1 0-1


[Site "https://www.chess.com"]

[Event "Titled Tuesday Blitz November 07 Early 2023"]
[White "crazy_m_attack"]
[Black "Sattarov, Bobir"]
[BlackFideId "14203081"]
[WhiteElo "2435"]
[BlackElo "2762"]
[Result "0-1"]
[Round "4"]
[TimeControl "180+1"]
[Date "2023.11.07"]
[WhiteClock "0:00:00"]
[BlackClock "0:00:36"]
[Board "130"]

1. e4 e5 2. Nf3 Nc6 3. Bb5 a6 4. Ba4 Bc5 5. c3 Qf6 6. O-O Nge7 7. d3 h6 8. Re1 O-O 9. Nbd2 d6 10. h3 Ng6 11. Nf1 Nh4 12. N1h2 Ne7 13. d4 Ba7 14. Nxh4 Qxh4 15. Nf3 Qf6 16. Be3 Ng6 17. dxe5 dxe5 18. Bxa7 Rxa7 19. Nh2 Nf4 20. Qf3 Ra8 21. Rad1 Be6 22. Ng4 Qg5 23. Bb3 h5 24. Bxe6 fxe6 25. Nh2 Rf7 26. Qg3 Qf6 27. Nf3 Raf8 28. Re3 Ng6 29. Rd2 Nf4 30. Qg5 Qxg5 31. Nxg5 Re7 32. g3 Ng6 33. h4 Nh8 34. Red3 Nf7 35. Rd7 Rfe8 36. Nf3 Nd6 37. Rxe7 Rxe7 38. Nxe5 Nxe4 39. Rd8+ Kh7 40. Kg2 Nd6 41. Rf8 a5 42. Rf4 Kg8 43. Nf3 b5 44. Ng5 e5 45. Rf3 a4 46. b3 a3 47. Re3 Kf8 48. Nf3 e4 49. Nd4 c5 50. Ne2 Nf5 51. Nf4 Nxe3+ 52. fxe3 Kf7 53. Nxh5 Rd7 54. Nf4 Rd2+ 55. Kh3 Rxa2 56. Nd5 Rh2+ 57. Kxh2 a2 0-1


[Site "https://www.chess.com"]

[Event "Titled Tuesday Blitz November 07 Early 2023"]
[White "Berezin, Viktor"]
[Black "Hambleton, Aman"]
[WhiteFideId "14107872"]
[BlackFideId "2606577"]
[WhiteElo "2435"]
[BlackElo "2750"]
[Result "1-0"]
[Round "4"]
[TimeControl "180+1"]
[Date "2023.11.07"]
[WhiteClock "0:01:28"]
[BlackClock "0:00:29"]
[Board "131"]

1. Nf3 d5 2. c4 c6 3. g3 Nf6 4. Bg2 Bg4 5. Ne5 Bf5 6. O-O Nbd7 7. Nxd7 Qxd7 8. d3 dxc4 9. dxc4 Qxd1 10. Rxd1 Bc2 11. Rd2 Be4 12. Nc3 Bxg2 13. Kxg2 e6 14. Rd3 Be7 15. Bf4 Nd7 16. Rad1 O-O-O 17. Bd6 Bf6 18. Ne4 Bxb2 19. Be7 Bf6 20. Nd6+ Kc7 21. Bxd8+ Rxd8 22. Nxf7 Nb6 23. Nxd8 Nxc4 24. Nxe6+ Kb6 25. Rb3+ Ka5 26. Rxb7 1-0


[Site "https://www.chess.com"]

[Event "Titled Tuesday Blitz November 07 Early 2023"]
[White "Martinez Ramirez, Lennis"]
[Black "Liu, Casper"]
[WhiteFideId "3509079"]
[BlackFideId "1454153"]
[WhiteElo "2710"]
[BlackElo "2434"]
[Result "1-0"]
[Round "4"]
[TimeControl "180+1"]
[Date "2023.11.07"]
[WhiteClock "0:01:35"]
[BlackClock "0:00:09"]
[Board "132"]

1. c4 e5 2. Nc3 Nc6 3. g3 f5 4. Bh3 d6 5. e3 g6 6. d4 Bg7 7. d5 Nce7 8. Nge2 Nf6 9. f3 h5 10. e4 h4 11. Bg5 hxg3 12. hxg3 fxe4 13. Bg2 Rxh1+ 14. Bxh1 exf3 15. Bxf3 Qd7 16. Qd2 a6 17. O-O-O b5 18. c5 b4 19. Ne4 Qf5 20. Bxf6 Bxf6 21. Qe3 Bg7 22. cxd6 Ng8 23. dxc7 Bh6 24. Nd6+ Ke7 25. Nxf5+ Bxf5 26. Nf4 1-0


[Site "https://www.chess.com"]

[Event "Titled Tuesday Blitz November 07 Early 2023"]
[White "vlajkovicS"]
[Black "Jesseinkman"]
[WhiteElo "2674"]
[BlackElo "2431"]
[Result "0-1"]
[Round "4"]
[TimeControl "180+1"]
[Date "2023.11.07"]
[WhiteClock "0:00:55"]
[BlackClock "0:00:45"]
[Board "133"]

1. Nf3 Nf6 2. d4 e6 3. c4 d5 4. Nc3 Nbd7 5. e3 Be7 6. Bd3 O-O 7. g4 dxc4 8. Bxc4 c5 9. g5 Nd5 10. Nxd5 exd5 11. Bxd5 Nb6 12. Be4 Bxg5 13. dxc5 Nd7 14. h4 Bf6 15. Qc2 h6 16. Bd2 Qe7 17. Rc1 Re8 18. Bd3 Ne5 19. Nxe5 Bxe5 20. Rg1 Qxh4 21. Bc3 Bxc3+ 22. Qxc3 Rxe3+ 23. Kd1 Rxd3+ 24. Qxd3 Qxf2 25. Qg3 Bg4+ 26. Qxg4 Rd8+ 0-1


[Site "https://www.chess.com"]

[Event "Titled Tuesday Blitz November 07 Early 2023"]
[White "Kavyev, Ruslan"]
[Black "Rios Escobar, Adan"]
[WhiteFideId "34110981"]
[BlackFideId "3403645"]
[WhiteElo "2625"]
[BlackElo "2426"]
[Result "1-0"]
[Round "4"]
[TimeControl "180+1"]
[Date "2023.11.07"]
[WhiteClock "0:00:51"]
[BlackClock "0:00:01"]
[Board "135"]

1. e4 c5 2. Nf3 d6 3. d4 cxd4 4. Nxd4 Nf6 5. Nc3 a6 6. a3 e5 7. Nf5 d5 8. Bg5 d4 9. Bxf6 gxf6 10. Nb1 Bxf5 11. exf5 Nc6 12. Nd2 h5 13. Bd3 h4 14. h3 Rc8 15. O-O Ne7 16. Qf3 Bh6 17. Ne4 Nd5 18. Rfe1 Kf8 19. Rad1 Nf4 20. c3 Rg8 21. Bf1 Qb6 22. cxd4 Rc2 23. dxe5 fxe5 24. Rd6 Rc6 25. Red1 Bg5 26. f6 Bxf6 27. Rxc6 Qxc6 28. Rd6 Nxh3+ 29. Kh2 Ng5 30. Nxg5 Qxd6 31. Ne4 Qe6 32. Nxf6 Rg6 33. Ne4 Kg7 34. Bd3 f5 35. Nc5 Qf6 36. Bxf5 Rg5 37. Ne6+ Kh6 38. Nxg5 Qxg5 39. Be4 a5 40. Qf8+ Kh5 41. Qf7+ Kh6 42. Qh7# 1-0


[Site "https://www.chess.com"]

[Event "Titled Tuesday Blitz November 07 Early 2023"]
[White "Gu, Xiaobing"]
[Black "Pesotskiy, Mikhail"]
[WhiteFideId "8602611"]
[BlackFideId "34164453"]
[WhiteElo "2421"]
[BlackElo "2603"]
[Result "0-1"]
[Round "4"]
[TimeControl "180+1"]
[Date "2023.11.07"]
[WhiteClock "0:00:09"]
[BlackClock "0:00:52"]
[Board "136"]

1. e4 e6 2. d4 d5 3. e5 c5 4. c3 Qa5 5. dxc5 Qc7 6. Nf3 Bxc5 7. Bd3 Nc6 8. Qe2 Nge7 9. Bf4 Ng6 10. Bg3 Bd7 11. h4 h6 12. Nbd2 Bb6 13. c4 Nb4 14. Bb1 dxc4 15. Nxc4 Bb5 16. Nd6+ Qxd6 17. Qxb5+ Qc6 18. Qxb4 Qc1+ 19. Ke2 Qxh1 20. Qb5+ Kf8 21. Qd7 Qxg2 22. Bxg6 fxg6 23. Rd1 Qh3 24. Qxb7 Rd8 25. Rxd8+ Bxd8 26. Qd7 Kg8 27. Qxd8+ Kh7 28. Qd7 Rf8 29. b4 Qg4 30. Qb7 Qc4+ 31. Ke1 Rd8 32. h5 Qc1+ 33. Ke2 Qd1+ 34. Ke3 Qd3+ 35. Kf4 g5+ 36. Nxg5+ hxg5+ 37. Kxg5 Qf5+ 38. Kh4 Rd4+ 39. f4 Kh6 40. Qxa7 Qxh5# 0-1


[Site "https://www.chess.com"]

[Event "Titled Tuesday Blitz November 07 Early 2023"]
[White "Stepanencu, Nicodim-Cosmin"]
[Black "Molina Carretero, Daniel"]
[WhiteFideId "1256220"]
[BlackFideId "32071914"]
[WhiteElo "2602"]
[BlackElo "2418"]
[Result "0-1"]
[Round "4"]
[TimeControl "180+1"]
[Date "2023.11.07"]
[WhiteClock "0:02:24"]
[BlackClock "0:02:41"]
[Board "137"]

1. c4 Nf6 2. Nc3 e6 3. Nf3 d5 4. e3 Be7 5. b3 O-O 6. Bb2 c5 7. cxd5 Nxd5 8. Rc1 b6 9. Be2 Bb7 10. O-O Nc6 11. a3 Rc8 12. d4 cxd4 13. Nxd4 Nxd4 14. Qxd4 Bf6 15. Qd2 Nxc3 16. Bxc3 Bxc3 0-1


[Site "https://www.chess.com"]

[Event "Titled Tuesday Blitz November 07 Early 2023"]
[White "LangesNasenhaar"]
[Black "Manukyan, Sargis A."]
[BlackFideId "13303970"]
[WhiteElo "2415"]
[BlackElo "2600"]
[Result "1-0"]
[Round "4"]
[TimeControl "180+1"]
[Date "2023.11.07"]
[WhiteClock "0:00:09"]
[BlackClock "0:00:18"]
[Board "138"]

1. d4 d5 2. Nc3 Nf6 3. Bf4 a6 4. e3 c5 5. dxc5 Nc6 6. Nf3 e5 7. Nxe5 Bxc5 8. Bd3 O-O 9. O-O d4 10. exd4 Nxd4 11. Ne4 Ne6 12. Bg3 Be7 13. c3 Nxe4 14. Bxe4 Nc5 15. Bc2 Qxd1 16. Rfxd1 Be6 17. Nf3 Rfd8 18. Nd4 Bf6 19. Nxe6 Nxe6 20. Rxd8+ Rxd8 21. Rd1 Rxd1+ 22. Bxd1 Kf8 23. Kf1 b5 24. Ke2 Ke7 25. Ke3 Kd7 26. Bb3 Bg5+ 27. f4 Bd8 28. f5 Bg5+ 29. Kf3 Nc5 30. Bxf7 Na4 31. c4 Nxb2 32. cxb5 axb5 33. Ke4 Na4 34. Be5 Bf6 35. Bxf6 gxf6 36. Kd4 Kd6 37. g4 h6 38. h4 Nc5 39. Be8 b4 40. Kc4 Ne4 41. Kxb4 Nf2 42. Bh5 Nd3+ 43. Kb5 Kc7 44. a4 Ne5 45. Kc5 Nf3 46. Kd5 Nxh4 47. Ke6 Nf3 48. Kxf6 Nd4 49. Kg7 Kd6 50. f6 Ke5 51. f7 Ne6+ 52. Kxh6 Kf6 53. a5 Ke7 54. a6 Kf8 55. Kg6 Nc7 56. Kf6 Nxa6 57. g5 Nc7 58. Bf3 Nd5+ 59. Ke6 Nf4+ 60. Kf5 Nd3 61. Kf6 Nf4 62. g6 Nh5+ 63. Kg5 Ng7 64. Kh6 Ne6 65. Kh7 Ng7 66. Bg4 Ne8 67. Bf3 Nf6+ 68. Kh8 Ke7 69. Bd5 Nh5 70. g7 Nf6 71. g8=Q Kd6 72. Qf8+ Ke5 73. Qg7 Kf4 74. f8=Q Ke3 75. Qgxf6 Kd2 76. Q6e7 Kd3 77. Be6 Kd4 78. Qfd8+ Ke5 79. Qec7+ Ke4 80. Qdb8 Kf3 81. Bc8 Kg2 82. Qe7 Kf1 83. Qbd6 Kg2 84. Qg6+ Kh1 85. Qeh7# 1-0


[Site "https://www.chess.com"]

[Event "Titled Tuesday Blitz November 07 Early 2023"]
[White "Suspenser17"]
[Black "Lewicki, Miroslaw"]
[BlackFideId "1113380"]
[WhiteElo "2410"]
[BlackElo "2581"]
[Result "0-1"]
[Round "4"]
[TimeControl "180+1"]
[Date "2023.11.07"]
[WhiteClock "0:00:09"]
[BlackClock "0:01:00"]
[Board "140"]

1. e4 d6 2. d4 Kd7 3. Nc3 b6 4. d5 Bb7 5. Qg4+ e6 6. Nf3 Nf6 7. Qh4 exd5 8. exd5 Nxd5 9. Qg4+ Ke8 10. Bg5 Be7 11. Nxd5 Bxd5 12. Bf4 Be6 13. Qg3 Bf6 14. O-O-O Qd7 15. Bd3 Qa4 16. a3 Nd7 17. Rhe1 Kf8 18. Bg5 Qg4 19. Bxf6 Nxf6 20. Nd4 Qxd4 21. Be4 Nxe4 22. Qf4 Qe5 23. Qf3 d5 24. Qe3 Qf6 25. f3 Nd6 26. Kb1 Qxb2+ 27. Kxb2 Nc4+ 28. Kc3 Nxe3 29. Rxe3 Ke7 30. f4 Kd6 31. h3 c5 32. g4 d4+ 33. Kb2 Bd5 34. Re2 Rhe8 35. Rde1 Rxe2 36. Rxe2 Bc6 37. f5 Re8 38. Rf2 f6 39. h4 Re4 40. g5 Rxh4 41. gxf6 gxf6 42. Re2 Be4 43. Rf2 Bxf5 44. Rxf5 Ke6 45. Rf2 f5 46. Re2+ Kf6 47. Re8 f4 48. Ra8 Ke6 49. Rxa7 f3 50. Rg7 f2 0-1


[Site "https://www.chess.com"]

[Event "Titled Tuesday Blitz November 07 Early 2023"]
[White "Herzog2012"]
[Black "Cristi_Coca"]
[WhiteElo "2581"]
[BlackElo "2409"]
[Result "0-1"]
[Round "4"]
[TimeControl "180+1"]
[Date "2023.11.07"]
[WhiteClock "0:00:00"]
[BlackClock "0:00:06"]
[Board "141"]

1. d4 Nf6 2. c4 g6 3. Nc3 Bg7 4. e4 d6 5. f3 O-O 6. Be3 c5 7. d5 e6 8. Qd2 exd5 9. cxd5 Re8 10. h4 h5 11. Bd3 a6 12. a4 Qa5 13. Nge2 Nbd7 14. O-O Ne5 15. Rad1 Bd7 16. b3 b5 17. Ra1 b4 18. Na2 Rac8 19. Bc2 Rb8 20. Rab1 c4 21. Bd4 c3 22. Qf4 Bc8 23. Nac1 Nfd7 24. Qg3 Nc5 25. f4 Ng4 26. Bxg7 Kxg7 27. e5 dxe5 28. fxe5 Rxe5 29. Nd4 Qd8 30. Nc6 Qxd5 31. Nxb8 Bb7 32. Nd3 Nxd3 33. Rbd1 Re3 34. Rf3 Re2 35. Rdxd3 Qe4 36. Rde3 Rxe3 37. Bxe4 Rxe4 38. Rf1 c2 39. Qd3 Ne3 40. Qxe3 Rxe3 41. Rc1 Re2 42. Nd7 Rxg2+ 43. Kf1 Rh2 44. Kg1 Rh1+ 45. Kf2 Rxc1 46. Ke3 Rb1 47. Nc5 c1=Q+ 0-1


[Site "https://www.chess.com"]

[Event "Titled Tuesday Blitz November 07 Early 2023"]
[White "Derjabin, Ilja"]
[Black "Todorovic, Bojan"]
[WhiteFideId "14104768"]
[BlackFideId "917087"]
[WhiteElo "2563"]
[BlackElo "2409"]
[Result "0-1"]
[Round "4"]
[TimeControl "180+1"]
[Date "2023.11.07"]
[WhiteClock "0:00:01"]
[BlackClock "0:00:01"]
[Board "142"]

1. d4 g6 2. c4 Bg7 3. Nc3 d6 4. e4 Nc6 5. d5 Ne5 6. Nge2 c6 7. Ng3 Nf6 8. f4 Ned7 9. Be2 O-O 10. O-O cxd5 11. cxd5 a6 12. Be3 b5 13. Rc1 Bb7 14. b4 Rc8 15. a4 Rxc3 16. Rxc3 Ng4 17. Bxg4 Bxc3 18. axb5 Bxb4 19. Kh1 axb5 20. Ne2 Bc5 21. Nd4 Nf6 22. Bf3 Qb6 23. Re1 b4 24. Bg1 Ra8 25. h3 Ra3 26. e5 Nxd5 27. exd6 exd6 28. Bxd5 Bxd5 29. Re8+ Kg7 30. Nf5+ gxf5 31. Qh5 Rg3 32. Qxf5 Bxg2+ 33. Kh2 Rg6 34. Rg8+ Kxg8 35. Qc8+ Kg7 36. Bd4+ Bxd4 37. f5 Bg1# 0-1


[Site "https://www.chess.com"]